 Dungeon Crawl Stone Soup version 0.31-a0-196-g86fe4a5e66 (webtiles) character file.

Game seed: 9278397534284991441

63 qw the Shooter (level 3, -5/20 HPs)
             Began as a Deep Elf Hunter on June 24, 2023.
             Slain by Grinder (7 damage)
             ... while paralysed by Grinder
             ... on level 3 of the Dungeon.
             The game lasted 00:00:26 (1702 turns).

qw the Shooter (Deep Elf Hunter)                    Turns: 1702, Time: 00:00:26

Health: -5/20      AC:  4    Str: 10    XL:     3   Next: 87%
Magic:  5/5        EV:  2    Int: 13    God:
Gold:   81         SH:  0    Dex: 18    Spells: 2/2 levels left

rFire   . . .        Y - +0 shortbow (freeze)
rCold   . . .        (shield currently unavailable)
rNeg    . . .        c - +0 leather armour
rPois   .            (no helmet)
rElec   .            (no cloak)
rCorr   .            (no gloves)
SInv    .            f - +0 pair of boots
Will    .....        (no amulet)
Stlth   ++           (no ring)
HPRegen 0.23/turn    (no ring)
MPRegen 0.09/turn

%: no passive effects
@: paralysed, about to teleport
A: no striking features
a: no special abilities


You were on level 3 of the Dungeon.
You visited 1 branch of the dungeon, and saw 3 of its levels.

You collected 81 gold pieces.


   Skills:
 - Level 1.5 Fighting
 + Level 7.3 Ranged Weapons
 - Level 2.4 Dodging
 - Level 1.2 Stealth


You had 2 spell levels left.
You didn't know any spells.
Your spell library was empty.

Inventory:

Hand Weapons
 Y - a +0 shortbow of freezing (weapon)
Armour
 a - a +0 helmet
 c - a +0 leather armour (worn)
 f - a +0 pair of boots (worn)
Scrolls
 b - a scroll of identify
 h - a scroll of blinking {unknown}
Potions
 e - a potion of haste
 g - a potion of resistance {unknown}

Dungeon Overview and Level Annotations

Branches:
Dungeon (3/15)

Altars:

Annotations:
D:3 Grinder


Message History

An endoplasm, a kobold and a ball python come into view.
Enter note: You shoot an arrow.
The arrow hits the ball python.
The ball python seems to slow down.
The arrow freezes the ball python.
You kill the ball python!
The endoplasm quivers.
You shoot an arrow. The arrow barely misses the kobold.
You shoot an arrow. The arrow hits the kobold!
The arrow freezes the kobold.
You kill the kobold!
You shoot an arrow. The arrow hits the endoplasm!
The arrow freezes the endoplasm.
You kill the endoplasm!
Grinder comes into view.
Enter note: You shoot an arrow.
The arrow hits Grinder.
Grinder is lightly wounded.
A bat comes into view.
You shoot an arrow. The arrow closely misses the bat.
The bat barely misses you. The bat misses you.
You shoot an arrow. The arrow barely misses the bat.
The bat hits you.
You shoot an arrow. The arrow hits the bat.
The arrow freezes the bat.
You kill the bat!
You shoot an arrow. The arrow hits Grinder.
Grinder is lightly wounded.
You shoot an arrow. The arrow hits Grinder.
Grinder is moderately wounded.
Grinder closely misses you.
You shoot an arrow. The arrow hits Grinder.
Grinder is moderately wounded.
Grinder hits you.
You writhe in agony.
You shoot an arrow. The arrow closely misses Grinder.
Grinder hits you!
You writhe in agony.
1701 ||| READING scroll of teleportation.
As you read the scroll of teleportation, it crumbles to dust.
You feel strangely unstable. Grinder gestures at you.
You suddenly lose the ability to move!
Grinder hits you!
You die...

..# ##.# #.#
#... #.# #..#
#.# #..# #.#
####..# #.#
....)# #.#
#..########.###
#.@.).........#
#.5#########..#
#..# #######..#
[....
.>.......#
.###.#
#######..# ..
#.# #..# . #.#
#..## #..
#######...#
..........#


You could see Grinder.

Vanquished Creatures
  3 adders (D:2)
  2 worms (D:2)
  A dart slug (D:2)
  4 endoplasms
  A giant cockroach (D:2)
  3 goblins
  3 hobgoblins (D:2)
  4 kobolds
  A quokka (D:1)
  2 ball pythons
  2 bats
  A rat (D:1)
27 creatures vanquished.

Notes
Turn   | Place    | Note
-------+----------+-------------------------------------------
     0 | D:1      | qw the Deep Elf Hunter began the quest for the Orb.
     0 | D:1      | Reached XP level 1. HP: 12/12 MP: 3/3
     0 | D:1      | 0 ||| qw: Version: 0.3-a-9-g12657ce
     0 | D:1      | 0 ||| qw: Game counter: 4837
     0 | D:1      | 0 ||| qw: Always use a shield: true
     0 | D:1      | 0 ||| qw: God list: Okawaru
     0 | D:1      | 0 ||| qw: Allow faded altars: false
     0 | D:1      | 0 ||| qw: Do Orc after D:15 true
     0 | D:1      | 0 ||| qw: Do second Lair branch before Depths: true
     0 | D:1      | 0 ||| qw: Lair rune preference: random
     0 | D:1      | 0 ||| qw: Plans: Normal
     0 | D:1      | 0 ||| PLANNING D:1-11
   172 | D:1      | Found a faded altar of an unknown god.
   766 | D:1      | 766 ||| UPGRADING to +0 pair of boots.
   771 | D:1      | 771 ||| READING scroll labelled KAEWORH UPSIDI.
   772 | D:1      | 772 ||| READING scroll labelled ECWOIF MADIM.
   773 | D:1      | 773 ||| READING scroll labelled GICZEST KEOXONT.
   774 | D:1      | 774 ||| READING scroll labelled FENUKAIWAXT.
   875 | D:1      | 875 ||| READING scroll labelled UTIESO YVIOW.
   876 | D:1      | 876 ||| READING scroll labelled UTAFUM XISUSOI.
   877 | D:1      | 877 ||| DRINKING 2 amethyst potions.
   878 | D:1      | 878 ||| DROPPING scroll of butterflies.
   912 | D:2      | Reached skill level 6 in Ranged Weapons
   912 | D:2      | Reached XP level 2. HP: 16/16 MP: 4/4
  1088 | D:2      | Reached XP level 3. HP: 20/20 MP: 5/5
  1196 | D:2      | Reached skill level 7 in Ranged Weapons
  1449 | D:2      | 1449 ||| READING scroll labelled XOUMIO YGREPT.
  1450 | D:2      | 1450 ||| READING 2 scrolls labelled HISUATHR JAXUAN.
  1455 | D:2      | 1455 ||| DRINKING 2 glowing grey potions.
  1492 | D:2      | 1492 ||| DROPPING potion of lignification.
  1692 | D:3      | Noticed Grinder
  1700 | D:3      | HP: 5/20 [Grinder (8)]
  1700 | D:3      | HP: 1/20 [Grinder (4)]
  1701 | D:3      | 1701 ||| READING scroll of teleportation.
  1701 | D:3      | Paralysed by Grinder for 5 turns
  1702 | D:3      | Slain by Grinder

Levels and vault maps discovered:
D:1:      dpeg_arrival_leaves_temple_mockup, layout_loops_corners,
          ebering_ecumenical_altar_abandoned
D:2:      layout_loops_cross
D:3:      layout_loops_ring, serial_shops, shop, uniq_grinder

Skill      XL: |  1  2  3 |
---------------+----------+-----
Ranged Weapons | 6 7 |  7.3
Fighting       | |  1.5
Dodging        | |  2.4
Stealth        | |  1.2

Action                     || total
---------------------------++-------
   Fire: Shortbow          ||    71
    Use: Scroll            ||     9
         Potion            ||     2
 Armour: Leather armour    ||     1
  Dodge: Dodged            ||     8

Table legend:
 A = Non-vault XP
 B = Vault XP
 C = Vault XP percentage of total XP
 D = Non-vault monster count
 E = Vault monster count
 F = Vault count percentage of total count
                 A         B        C        D         E       F
            +---------+---------+-------+---------+---------+-------
      Total |      90 |       0 |   0.0 |      27 |       0 |   0.0
            +---------+---------+-------+---------+---------+-------
        D:1 |      11 |       0 |   0.0 |       7 |       0 |   0.0
        D:2 |      68 |       0 |   0.0 |      14 |       0 |   0.0
        D:3 |      11 |       0 |   0.0 |       6 |       0 |   0.0
            +---------+---------+-------+---------+---------+-------
